 Dungeon Crawl Stone Soup version 0.27.1-1-g398f81649c (webtiles) character file.

Game seed: 2971280464743132685

127 pokedragonboy the Conjurer (level 4, 0/24 HPs)
             Began as a Deep Elf Conjurer on Sept 12, 2021.
             Splashed by Ijyb's acid (10 damage)
             ... on level 3 of the Dungeon on Sept 13, 2021.
             The game lasted 00:07:18 (2583 turns).

pokedragonboy the Conjurer (Deep Elf Conjurer)      Turns: 2583, Time: 00:07:18

Health: 0/24       AC:  2    Str:  4    XL:     4   Next: 85%
Magic:  4/12       EV: 12    Int: 24    God:
Gold:   74         SH:  0    Dex: 13    Spells: 4/11 levels left

rFire    . . .     SeeInvis .   i - +2 short sword (speed)
rCold    . . .     Faith    .   (no shield)
rNeg     . . .     Spirit   .   a - +0 robe
rPois    .         Reflect  .   (no helmet)
rElec    .         Harm     .   (no cloak)
rCorr    .         Rampage  .   (no gloves)
Will     .....                  (no boots)
Stlth    ++........             (no amulet)
HPRegen  0.08/turn              (no ring)
MPRegen  0.13/turn              (no ring)

@: no status effects
A: no striking features
a: no special abilities


You were on level 3 of the Dungeon.
You visited 1 branch of the dungeon, and saw 3 of its levels.

You collected 74 gold pieces.

Inventory:

Hand Weapons
 i - a +2 short sword of speed (weapon)
Armour
 a - a +0 robe (worn)
 j - a +0 ring mail
Scrolls
 b - a scroll of magic mapping
 c - a scroll of blinking {unknown}
 d - a scroll of identify
 g - a scroll of enchant armour {unknown}
Potions
 e - a potion of flight
 f - a potion of attraction {unknown}
 h - a potion of ambrosia {unknown}


   Skills:
 - Level 3.0 Dodging
 - Level 2.4 Stealth
 + Level 4.4 Spellcasting
 * Level 6.0 Conjurations
 + Level 0.3 Hexes


You had 4 spell levels left.
You knew the following spells:

 Your Spells              Type           Power      Damage    Failure   Level
a - Magic Dart            Conj           100%       1d8       1%          1
b - Searing Ray           Conj           68%        3d5       1%          2
c - Fulminant Prism       Conj/Hex       10%        3d9       26%         4

Your spell library contained the following spells:

 Spells                   Type           Power      Damage    Failure   Level
 Dazzling Flash           Conj/Hex       40%        N/A       8%          3
 Iskenderun's Mystic Bla  Conj/Tloc      19%        2d6       26%         4


Dungeon Overview and Level Annotations

Branches:
Dungeon (3/15)

Altars:
Nemelex Xobeh

Shops:
D:1 (

Annotations:
D:3 Ijyb


Message History

(D) Dungeon
Where to? (Enter - D:2 @ (x,y), ? - help)
There is a stone staircase leading down here.
You climb downwards.
There is a stone staircase leading up here.
Ijyb the Twisted Goblin comes into view.
She is wielding a +0 club and carrying a wand of acid (12).
Casting: Searing Ray (safe; 1% risk of failure)
Confirm with . or Enter, or press ? or * to list all spells.
Aiming: Magic Dart (safe; 1% risk of failure)
Press: ? - help, Shift-Dir - straight line, f - Ijyb
Aim: Ijyb, wielding a +0 club, wearing a +0 scale mail and carrying a wand of acid (12) (100% to hit)
The magic dart hits Ijyb.
Ijyb is lightly wounded.
Casting: Magic Dart (safe; 1% risk of failure)
Confirm with . or Enter, or press ? or * to list all spells.
Aiming: Searing Ray (safe; 1% risk of failure)
Press: ? - help, Shift-Dir - straight line, f/p - Ijyb
Aim: Ijyb, wielding a +0 club, wearing a +0 scale mail and carrying a wand of acid (12) (lightly wounded, 78% to hit)
The searing ray hits Ijyb.
Ijyb is moderately wounded. (Press . to maintain the ray.)
The searing ray hits Ijyb.
Ijyb is moderately wounded.
The searing ray hits Ijyb.
Ijyb is heavily wounded.
The searing ray hits Ijyb.
Ijyb is heavily wounded.
You finish channeling your searing ray.
Casting: Searing Ray (safe; 1% risk of failure)
Confirm with . or Enter, or press ? or * to list all spells.
Aiming: Searing Ray (safe; 1% risk of failure)
Press: ? - help, Shift-Dir - straight line, f/p - Ijyb
Aim: Ijyb, wielding a +0 club, wearing a +0 scale mail and carrying a wand of acid (12) (heavily wounded, 78% to hit)
The searing ray hits Ijyb.
Ijyb is severely wounded. (Press . to maintain the ray.) Ijyb zaps a wand.
The bolt of acid hits you!
Ouch! That really hurt!
You are splashed with acid!
You die...

+..# #...
######## #...
#..<...# ...
#......# #..
#......# ##..
#......#
#..g##......#
#...@.......#
+.####.#.####
#.#.# #...#
#.### #.# ..#
###


You could see Ijyb.

Vanquished Creatures
  7 gnolls (D:2)
  A worm (D:2)
  2 dart slugs (D:1)
  4 endoplasms
  2 giant cockroaches (D:2)
  3 goblins
  4 hobgoblins
  3 jackals (D:1)
  2 quokkas (D:1)
  2 ball pythons (D:2)
  6 bats
  3 frilled lizards
  12 kobolds
  4 rats (D:2)
55 creatures vanquished.

Notes
Turn   | Place    | Note
-------+----------+-------------------------------------------
     0 | D:1      | pokedragonboy the Deep Elf Conjurer began the quest for the
                  | Orb.
     0 | D:1      | Reached XP level 1. HP: 10/10 MP: 6/6
   540 | D:1      | Reached XP level 2. HP: 15/15 MP: 6/8
   543 | D:1      | Learned a level 2 spell: Searing Ray
   715 | D:1      | Found a faded altar of an unknown god.
   850 | D:1      | Found Xagatwe's Weapon Boutique.
  1053 | D:1      | Reached skill level 5 in Conjurations
  1225 | D:1      | Reached XP level 3. HP: 19/19 MP: 7/10
  1652 | D:2      | Reached XP level 4. HP: 24/24 MP: 2/12
  2151 | D:2      | Reached skill level 6 in Conjurations
  2176 | D:2      | Learned a level 4 spell: Fulminant Prism
  2179 | D:2      | Found a sparkling altar of Nemelex Xobeh.
  2577 | D:3      | Noticed Ijyb
  2583 | D:3      | Splashed by Ijyb's acid

Illustrated notes

Levels and vault maps discovered:
D:1:      amcnicky_arrival_single_pillar, layout_loops_cross, serial_shops,
          shop, hellmonk_ecumenical_altar_crossroads, minivault_14,
          minmay_heptomino_l4
D:2:      layout_basic, basic_altar
D:3:      layout_loops_cross, nicolae_ru_great_annihilating_truth, uniq_ijyb

Skill      XL: |  1  2  3  4 |
---------------+-------------+-----
Dodging        | 3 |  3.0
Conjurations   | 5 6 |  6.0
Spellcasting   | 4 |  4.4
Stealth        | |  2.4
Hexes          | |  0.3

Action                   |  1- 3 |  4- 6 || total
-------------------------+-------+-------++-------
Melee: Unarmed           |     9 |       ||     9
 Cast: Magic Dart        |    47 |    22 ||    69
       Searing Ray       |     8 |    11 ||    19
  Use: Scroll            |     2 |       ||     2
Armor: Robe              |     1 |       ||     1
Dodge: Dodged            |     9 |     3 ||    12
